 Dungeon Crawl Stone Soup version 0.29-a0-91-gdebf4667c2 (webtiles) character file.

Game seed: 15114333724236118599

715 enile the Skirmisher (level 7, -1/59 HPs)
             Began as a Demonspawn Wanderer on Feb 8, 2022.
             Was an Initiate of Gozag.
             Slain by a hornet (4 damage)
             ... on level 5 of the Dungeon.
             The game lasted 00:13:43 (4538 turns).

enile the Skirmisher (Demonspawn Wanderer)          Turns: 4538, Time: 00:13:44

Health: -1/59      AC:  9    Str: 23      XL:     7   Next: 41%
Magic:  7/7        EV: 12    Int: 10 (12) God:    Gozag
Gold:   135        SH:  0    Dex: 16 (17) Spells: 6/6 levels left

rFire   + . .      SeeInvis .   j - +0 flail (protect)
rCold   . . .      Faith    .   (no shield)
rNeg    . . .      Spirit   .   u - +3 leather armour {rF+}
rPois   .          Reflect  .   (no helmet)
rElec   .          Harm     .   (no cloak)
rCorr   .          Rampage  .   (no gloves)
Will    .....                   (no boots)
Stlth   +.........              (no amulet)
HPRegen 0.19/turn               r - +6 ring of strength
MPRegen 0.20/turn               v - +6 ring of strength

@: lethally poisoned (-1 -> -24), hasted and slowed
A: thin metallic scales 2, powered by death 1, magic regeneration
a: Renounce Religion, Potion Petition, Call Merchant, Bribe Branch


You were on level 5 of the Dungeon.
You worshipped Gozag.
Gozag was aware of your devotion.
You visited 1 branch of the dungeon, and saw 5 of its levels.

You collected 569 gold pieces.
You paid 434 gold pieces to Gozag.

Inventory:

Hand Weapons
 a - a +2 hunting sling
 c - a +0 quarterstaff
 e - a +0 dagger
 j - a +0 flail of protection (weapon)
 k - a +3 whip
 s - a +0 falchion of holy wrath
Missiles
 b - 35 sling bullets
 d - 8 poisoned darts
 g - 69 stones
Armour
 f - a +1 leather armour
 m - the +1 robe "Gilats" {rF+ Str+5}
   (You found it on level 3 of the Dungeon)

   Str:       It affects your strength (+5).
   rF:        It protects you from fire.
 u - a +3 leather armour of fire resistance (worn)
Jewellery
 r - a +6 ring of strength (left hand)
 v - a +6 ring of strength (right hand)
 w - an amulet of guardian spirit
Wands
 t - a wand of iceblast (10) (quivered)
Scrolls
 o - a scroll of immolation
 p - a scroll of magic mapping


   Skills:
 + Level 6.9 Fighting
 - Level 2.6(3.0) Maces & Flails
 - Level 1.7(2.5) Staves
 - Level 3.6(3.7) Slings
 - Level 1.0(2.4) Throwing
 - Level 2.0 Armour
 - Level 2.0 Dodging
 - Level 0.4 Spellcasting


You had 6 spell levels left.
You didn't know any spells.
Your spell library contained the following spells:

 Spells                   Type           Power      Damage    Failure   Level
 Animate Skeleton         Necr           0%         N/A       38%         1
 Pain                     Necr           0%         1d4       38%         1
 Slow                     Hex            0%         N/A       38%         1
 Confusing Touch          Hex            0%         N/A       77%         3
 Vampiric Draining        Necr           0%         2d6       77%         3


Dungeon Overview and Level Annotations

Branches:
Dungeon (5/15)
 Temple: D:4-7

Altars:
Gozag
Sif Muna


Innate Abilities, Weirdness & Mutations

You are mostly covered in thin metallic scales. (AC +3)
You regenerate a little health from kills.
You regenerate magic rapidly.


Message History

The hornet stings you.
You are more poisoned.
You feel as though you will be slow longer.
Blink to where?
Press: ? - help, Dir - move target, p - hornet
As you read the scroll of blinking, it crumbles to dust.
* * * LOW HITPOINT WARNING * * *
You feel extremely sick.
The hornet looks more healthy.
Aiming: Iceblast
Press: ? - help, Q - select action, (/) - cycle Shift-Dir - straight line, f - hornet
Aim: a hornet (moderately wounded)
Okay, then.
Press: ? - help, v - describe, . - travel
Here: a hornet (moderately wounded)
The floor.
Unknown command.
Unknown command.
Unknown command.
Okay, then.
As you read the scroll labelled ROESEJOSTRIU, it crumbles to dust.
It is a scroll of enchant armour.
Your +0 leather armour glows green for a moment.
* * * LOW HITPOINT WARNING * * *
You feel extremely sick.
Aiming: Iceblast
Press: ? - help, Q - select action, (/) - cycle Shift-Dir - straight line, f - hornet
Aim: a hornet (moderately wounded)
Okay, then.
Okay, then.
Search for what [Enter for "."]? potion Can't find anything matching that.
You start putting on your amulet.
You continue putting on your amulet of guardian spirit.
Keep equipping yourself?
* * * LOW HITPOINT WARNING * * *
You feel very sick. The hornet stings you.
You die...
Your body crumbles into a pile of gold.

#.# $ #.#
.######## #.#
...(.((.# #.#
#.# #.# #.# #.#
#.# #.#
#y############.#
$
#.@.........##.#
###########.##.#
#.##.#
..#####.##.#
...........#
..#####.#### #.#
#.# #.#


You could see a hornet.

Vanquished Creatures
  Menkaure (D:4)
  A phantom (D:4)
  A scorpion (D:4)
  A water moccasin skeleton (D:4)
  A bullfrog skeleton (D:4)
  A hound (D:4)
  Jessica (D:3)
  A centaur skeleton (D:4)
  Ijyb (D:4)
  An iguana (D:4)
  An orc wizard (D:4)
  Robin (D:4)
  7 gnolls
  4 adders
  2 adder skeletons (D:4)
  6 orcs
  7 ball pythons
  9 bats
  4 endoplasms
  3 giant cockroaches
  11 goblins
  9 hobgoblins
  7 jackals
  6 kobolds
  A quokka (D:4)
  9 rats
97 creatures vanquished.

Vanquished Creatures (collateral kills)
  2 orcs (D:4)
  An endoplasm (D:4)
3 creatures vanquished.

Vanquished Creatures (others)
  An orc (D:4)
1 creature vanquished.

Grand Total: 101 creatures vanquished

Notes
Turn   | Place    | Note
-------+----------+-------------------------------------------
     0 | D:1      | enile the Demonspawn Wanderer began the quest for the Orb.
     0 | D:1      | enile set off with the following items: a +2 hunting sling,
                  | 20 sling bullets, a +0 quarterstaff, 12 poisoned darts, a
                  | +0 dagger, a +0 leather armour
     0 | D:1      | Reached XP level 1. HP: 15/15 MP: 1/1
   175 | D:1      | Reached skill level 2 in Fighting
   180 | D:1      | You fall into a shaft and drop 1 floor!
   185 | D:2      | Gained mutation: You are partially covered in thin metallic
                  | scales. (AC +2) [demonic ancestry]
   185 | D:2      | Reached XP level 2. HP: 22/22 MP: 2/2
   577 | D:2      | Reached skill level 3 in Fighting
   577 | D:2      | Reached XP level 3. HP: 29/29 MP: 3/3
   754 | D:2      | Found an opulent altar of Gozag.
   786 | D:2      | Became a worshipper of Gozag Ym Sagoz the Greedy
   799 | D:2      | Noticed a shining eye
   801 | D:2      | Found a faded altar of an unknown god.
   803 | D:2      | Noticed a shining eye
   815 | D:2      | Noticed an eye of devastation
   815 | D:2      | Noticed a great orb of eyes
  1154 | D:3      | Identified the +1 robe "Gilats" {rF+ Str+5}
  1191 | D:3      | Reached skill level 4 in Fighting
  1191 | D:3      | Gained mutation: You regenerate a little health from kills.
                  | [demonic ancestry]
  1191 | D:3      | Reached XP level 4. HP: 35/37 MP: 4/4
  1340 | D:3      | Noticed Jessica
  1346 | D:3      | Killed Jessica
  1353 | D:3      | Found a shimmering blue altar of Sif Muna.
  1411 | D:3      | Reached XP level 5. HP: 42/43 MP: 5/5
  1986 | D:4      | Noticed an ice beast
  2048 | D:4      | Noticed Robin
  2070 | D:4      | Killed Robin
  2110 | D:4      | Reached skill level 5 in Fighting
  2114 | D:4      | Reached skill level 1 in Maces & Flails
  2303 | D:4      | Gained mutation: You are mostly covered in thin metallic
                  | scales. (AC +3) [demonic ancestry]
  2303 | D:4      | Reached XP level 6. HP: 49/50 MP: 6/6
  2477 | D:4      | Noticed Ijyb
  2490 | D:4      | Killed Ijyb
  3308 | D:4      | Reached skill level 6 in Fighting
  3441 | D:4      | Noticed Menkaure
  3962 | D:4      | Killed Menkaure
  3963 | D:4      | Gained mutation: You regenerate magic rapidly. [demonic
                  | ancestry]
  3963 | D:4      | Reached XP level 7. HP: 16/59 MP: 7/7
  4371 | D:5      | Entered Level 5 of the Dungeon
  4528 | D:5      | Noticed a hornet
  4538 | D:5      | Slain by a hornet

Illustrated notes

Levels and vault maps discovered:
D:1:      eino_arrival_water_cross, layout_basic
D:2:      layout_loops_ring, basic_altar,
          hellmonk_ecumenical_altar_watching_god, uniq_crazy_yiuf_cottage
D:3:      layout_basic, tgw_sif
D:4:      layout_layer_cave, minmay_joined_circles, uniq_robin, uniq_menkaure,
          uniq_ijyb
D:5:      layout_loops_ring, lemuel_flamethrower_2

Skill      XL: |  1  2  3  4  5  6 |
---------------+-------------------+-----
Fighting       | 2 3 4 5 6 |  6.9
Dodging        | 2 |  2.0
Maces & Flails | 1 2 |  2.6
Armour         | 2 |  2.0
Staves         | |  1.7
Slings         | |  3.6
Throwing       | |  1.0
Spellcasting   | |  0.4

Action                   |  1- 3 |  4- 6 |  7- 9 || total
-------------------------+-------+-------+-------++-------
Melee: Flail             |       |   154 |    15 ||   169
       Punch             |       |     2 |       ||     2
 Fire: Hunting sling     |    87 |    34 |       ||   121
Throw: Dart              |       |     8 |     4 ||    12
Invok: Potion Petition   |       |       |     1 ||     1
  Use: Scroll            |       |     9 |     2 ||    11
       Potion            |       |     1 |       ||     1
 Stab: Distracted        |       |     2 |       ||     2
       Sleeping          |       |     1 |       ||     1
Armor: Leather armour    |     8 |    36 |     9 ||    53
       Robe              |       |    81 |       ||    81
Dodge: Dodged            |    24 |   153 |    13 ||   190

Table legend: (Time is in decaauts)
 A = Elapsed time spent in this place.
 B = Non-inter-level travel time spent in this place.
 C = Inter-level travel time spent in this place.
 D = Time resting spent in this place.
 E = Time spent auto-exploring this place.
 F = Levels seen in this place.
 G = Mean time per level.
                   A        B        C        D        E       F      G
               +--------+--------+--------+--------+--------+-----+--------+
         Total |   4592 |   4412 |    180 |    322 |   3058 |   5 |  918.4 |
       Dungeon |   4592 |   4412 |    180 |    322 |   3058 |   5 |  918.4 |
               +--------+--------+--------+--------+--------+-----+--------+

Top non-repeatable levels by time:
     D:4: 2153 daAuts
     D:3: 1127 daAuts
     D:2: 960 daAuts
     D:1: 180 daAuts
     D:5: 170 daAuts
